 Dungeon Crawl Stone Soup version 0.14.2 (webtiles) character file.

2422 mrath the Basher (level 9, -14/78 HPs)
             Began as a Minotaur Fighter on July 18, 2016.
             Was a Follower of Okawaru.
             Killed from afar by TBriggs11TB's ghost (18 damage)
             ... with a blast of negative energy
             ... on Level 7 of the Dungeon.
             The game lasted 00:39:40 (6928 turns).

mrath the Basher (Minotaur Fighter)                 Turns: 6928, Time: 00:39:40

HP -14/78        AC 17     Str 24      XL: 9   Next: 13%
MP   6/6         EV  3     Int  5      God: Okawaru [*.....]
Gold 203         SH 15     Dex 10      Spells:  0 memorised,  8 levels left

rFire  . . .     SeeInvis .     L - +1 flail (protect)
rCold  . . .     Clarity  .     w - +0 plate armour
rNeg   . . .     Conserve .     c - +0 shield
rPois  .         rCorr    .     (helmet restricted)
rElec  .         rRot     .     o - +0 cloak
SustAb . .       Spirit   .     N - +0 pair of gloves
rMut   .         Warding  .     (no boots)
Saprov . . .     Stasis   .     (no amulet)
MR     .....                    (no ring)
                                (no ring)

@: very heavily drained, not resistant to hostile enchantments, extremely
unstealthy
A: retaliatory headbutt, horns 2
a: Heroism, Renounce Religion


You were on level 7 of the Dungeon.
You worshipped Okawaru.
Okawaru was aware of your devotion.
You were not hungry.

You visited 2 branches of the dungeon, and saw 8 of its levels.
You also visited: Sewer.

You collected 203 gold pieces.

Inventory:

Hand weapons
 L - a +1,+1 flail of protection (weapon)
Missiles
 e - 27 darts (quivered)
 z - 2 javelins
 G - 2 tomahawks
Armour
 c - a +0 shield (worn)
 o - a +0 cloak (worn)
 w - a +0 plate armour (worn)
 N - a +0 pair of gloves (worn)
Magical devices
 x - a wand of lightning (6) {unknown}
 F - a wand of magic darts (10) {unknown}
Comestibles
 b - a rotting chunk of bat flesh
 d - 4 bread rations
 i - a rotting chunk of quokka flesh
 r - 2 rotting chunks of giant frog flesh
 v - a choko
 D - a meat ration
 H - 3 chunks of gnoll flesh
 I - an apple
Scrolls
 f - 6 scrolls of identify
 k - 2 scrolls of noise {unknown}
 l - 5 scrolls of remove curse
 q - 4 scrolls of teleportation {unknown}
 s - 6 scrolls of magic mapping
 u - a scroll of fog {unknown}
 y - a scroll of fear {unknown}
 B - a scroll of enchant weapon II {unknown}
 C - 2 scrolls of immolation {unknown}
 K - 2 scrolls of enchant armour {unknown}
Jewellery
 E - an uncursed ring of fire
Potions
 g - 2 potions of restore abilities
 h - a potion of heal wounds
 j - 4 potions of curing
 m - a potion of brilliance {unknown}
 n - a potion of poison {unknown}
 p - 2 potions of haste
 t - a potion of magic {unknown}
 A - a potion of porridge
 M - a potion of lignification {unknown}
Books
 a - a book of Burglary

   Spells                             Type                      Level
   Apportation                        Translocation                1
   Swiftness                          Charms/Air                   2
   Passwall                           Transmutation/Earth          3
   Passage of Golubria                Translocation                4
   Lee's Rapid Deconstruction         Earth                        5
   Darkness                           Hexes                        7
 O - a book of Control

   Spells                             Type                      Level
   Control Teleport                   Charms/Translocation         4
   Control Undead                     Necromancy                   4
   Enslavement                        Hexes                        4
   Metabolic Englaciation             Hexes/Ice                    5
   Mass Confusion                     Hexes                        6
 P - a book of Ice

   Spells                             Type                      Level
   Freezing Aura                      Charms/Ice                   2
   Metabolic Englaciation             Hexes/Ice                    5
   Ozocubu's Refrigeration            Ice                          6
   Bolt of Cold                       Conjuration/Ice              6
   Freezing Cloud                     Conjuration/Ice/Air          6
   Simulacrum                         Ice/Necromancy               6


   Skills:
 + Level 6.4(0.0) Fighting
 + Level 9.2(1.0) Maces & Flails
 + Level 6.6(0.0) Armour
 + Level 4.4(0.0) Dodging
 + Level 6.8(0.0) Shields
 + Level 1.5(0.0) Invocations
 + Level 1.7(0.0) Evocations


You had 8 spell levels left.
You didn't know any spells.

Dungeon Overview and Level Annotations

Branches:
Dungeon (7/15)             Temple (1/1) D:5

Altars:
Ashenzari
Cheibriados
Dithmenos
Makhleb
Okawaru
Trog
Vehumet
Yredelemnul

Shops:
D:4 =   D:5 !

Annotations:
D:7 TBriggs11TB's ghost, experienced DrBe


Innate Abilities, Weirdness & Mutations

You reflexively headbutt those who attack you in melee.
You have a pair of horns on your head.


Message History

TBriggs11TB's ghost breathes negative energy at you.
The blast of negative energy hits you!
You feel drained.
* * * LOW HITPOINT WARNING * * *
You hit TBriggs11TB's ghost but do no damage.
You headbutt TBriggs11TB's ghost, but do no damage.
TBriggs11TB's ghost is heavily damaged.
TBriggs11TB's ghost hits you.
* * * LOW HITPOINT WARNING * * *
You sock TBriggs11TB's ghost! You headbutt TBriggs11TB's ghost.
TBriggs11TB's ghost is severely damaged.
TBriggs11TB's ghost hits you.
* * * LOW HITPOINT WARNING * * *
TBriggs11TB's ghost breathes negative energy at you.
The blast of negative energy hits you!
You feel drained.
* * * LOW HITPOINT WARNING * * *
You hit TBriggs11TB's ghost but do no damage.
TBriggs11TB's ghost is severely damaged.
TBriggs11TB's ghost breathes negative energy at you.
The blast of negative energy hits you!
You feel drained.
You die...

#...# #...# #...#
#...#######.
#...........#
########..>........#
.....................
#......<.............
#...........@p.......
#....................
#.................[.
#...................
...................
.................
...............
........... ...


You could see TBriggs11TB's ghost.

Vanquished Creatures
  Grinder (D:4)
  The ghost of MordorOrchid the Sneak, an average SpEn (D:4)
  The ghost of TBriggs11TB the Shield-Bearer, an average DDFi of Dithmenos (Sewer)
  Edmund (D:5)
  A sky beast (D:6)
  An ice beast (D:6)
  A centaur (D:6)
  Sigmund (D:2)
  6 giant frogs
  A crimson imp (D:6)
  A hound (D:2)
  Crazy Yiuf (D:6)
  An orc priest (D:4)
  A giant frog skeleton (D:4)
  A jelly (D:6)
  2 worker ants
  7 orc wizards
  An iguana (D:4)
  An ogre skeleton (D:4)
  A worker ant zombie (D:5)
  4 gnolls (D:6)
  6 green rats
  10 adders
  A scorpion zombie (D:5)
  An inept feature mimic (D:6)
  2 giant mites
  2 worms
  An adder skeleton (D:5)
  A giant eyeball (D:5)
  5 giant geckos
  2 oozes (Sewer)
  19 orcs
  3 giant cockroaches
  8 goblins
  10 hobgoblins
  4 jackals
  4 quokkas
  12 ball pythons
  13 bats
  5 giant newts
  A hobgoblin zombie (D:6)
  6 kobolds
  A quokka zombie (D:5)
  30 rats
183 creatures vanquished.

Notes
Turn   | Place    | Note
--------------------------------------------------------------
     0 | D:1      | mrath, the Minotaur Fighter, began the quest for the Orb.
     0 | D:1      | Reached XP level 1. HP: 19/19 MP: 1/1
   444 | D:1      | Reached XP level 2. HP: 22/27 MP: 1/1
   612 | D:2      | Reached skill level 4 in Fighting
   612 | D:2      | Reached XP level 3. HP: 22/33 MP: 2/2
   881 | D:2      | Found a burning altar of Makhleb.
   944 | D:2      | Noticed Sigmund
   954 | D:2      | Killed Sigmund
   954 | D:2      | Reached skill level 1 in Dodging
   954 | D:2      | Reached XP level 4. HP: 25/41 MP: 2/2
  1053 | D:2      | Reached XP level 5. HP: 38/47 MP: 2/2
  1256 | D:2      | Found a burning altar of Makhleb.
  1658 | D:3      | Found a glowing drain.
  1735 | Sewer    | Entered a sewer
  2170 | Sewer    | Noticed TBriggs11TB's ghost (average DDFi)
  2213 | Sewer    | Reached skill level 5 in Maces & Flails
  2245 | Sewer    | Killed TBriggs11TB's ghost
  2245 | Sewer    | Reached skill level 6 in Maces & Flails
  2245 | Sewer    | Reached XP level 6. HP: 16/53 MP: 3/3
  2695 | Sewer    | Reached skill level 7 in Maces & Flails
  2699 | Sewer    | Reached XP level 7. HP: 9/60 MP: 3/3
  3872 | D:4      | Reached skill level 8 in Maces & Flails
  3910 | D:4      | Found Hoklam's Jewellery Shop.
  4189 | D:4      | Noticed Grinder
  4191 | D:4      | Paralysed by Grinder for 4 turns
  4206 | D:4      | Paralysed by Grinder for 3 turns
  4216 | D:4      | HP: 3/60 [Grinder/nerve-wracking pain (10)]
  4219 | D:4      | Paralysed by Grinder for 2 turns
  4222 | D:4      | Killed Grinder
  4222 | D:4      | Reached skill level 5 in Fighting
  4222 | D:4      | Reached skill level 5 in Armour
  4222 | D:4      | Reached skill level 5 in Shields
  4354 | D:4      | Noticed MordorOrchid's ghost (average SpEn)
  4564 | D:4      | Found a basalt altar of Yredelemnul.
  4629 | D:4      | Killed MordorOrchid's ghost
  4629 | D:4      | Reached XP level 8. HP: 68/68 MP: 3/3
  5294 | D:4      | Found a snail-covered altar of Cheibriados.
  5416 | D:5      | Entered Level 5 of the Dungeon
  5471 | D:5      | Found a staircase to the Ecumenical Temple.
  5482 | Temple   | Entered the Ecumenical Temple
  5495 | Temple   | Became a worshipper of Warmaster Okawaru
  5664 | D:5      | Found Grit Oba's Distillery.
  5781 | D:5      | Paralysed by a giant eyeball for 2 turns
  5784 | D:5      | Paralysed by a giant eyeball for 2 turns
  5900 | D:5      | Noticed Edmund
  5908 | D:5      | Killed Edmund
  6005 | D:5      | Found a bloodstained altar of Trog.
  6402 | D:6      | Reached skill level 9 in Maces & Flails
  6402 | D:6      | Reached skill level 1 in Evocations
  6494 | D:6      | Acquired Okawaru's first power
  6494 | D:6      | Reached skill level 1 in Invocations
  6516 | D:6      | Reached XP level 9. HP: 75/75 MP: 6/6
  6807 | D:6      | Noticed Crazy Yiuf
  6811 | D:6      | Killed Crazy Yiuf
  6871 | D:7      | Noticed TBriggs11TB's ghost (experienced DrBe)
  6928 | D:7      | Killed from afar by TBriggs11TB's ghost

Action                   |  1- 3 |  4- 6 |  7- 9 || total
-------------------------+-------+-------+-------++-------
Melee: Flail             |    54 |   144 |   326 ||   524
Throw: Dart              |     3 |       |    15 ||    18
Invok: Heroism           |       |       |     1 ||     1
  Use: Potion            |     1 |     1 |     4 ||     6
       Scroll            |       |       |     7 ||     7
